 Dungeon Crawl Stone Soup version 0.29.1-1-gd02db6906a (webtiles) character file.

Game seed: 3391439425082324183

118 Kruiper the Insei (level 5, 0/41 HPs)
             Began as a Meteoran Transmuter on Sept 30, 2022.
             Slain by a frilled lizard (2 damage)
             ... on level 3 of the Dungeon.
             The game lasted 00:10:51 (1217 turns).

Kruiper the Insei (Meteoran Transmuter)             Turns: 1217, Time: 00:10:52

Health: 0/41       AC:  3    Str: 13    XL:     5   Next: 48%
Magic:  10/10      EV: 13    Int: 14    God:
Gold:   127        SH:  0    Dex: 15    Spells: 6/9 levels left

rFire   . . .      SeeInvis .     - Unarmed
rCold   . . .      Faith    .   (no shield)
rNeg    . . .      Spirit   .   a - +0 robe
rPois   .          Reflect  .   (no helmet)
rElec   .          Harm     .   q - +0 cloak
rCorr   .          Rampage  .   (no gloves)
Will    .....                   (no boots)
Stlth   +.........              (no amulet)
HPRegen 0.13/turn               (no ring)
MPRegen 0.12/turn               (no ring)

@: wereblooded, glowing
A: sense surroundings 1, otherworldly, glowing, explore regen
a: no special abilities


You were on level 3 of the Dungeon.
You visited 1 branch of the dungeon, and saw 3 of its levels.

You collected 127 gold pieces.

Inventory:

Missiles
 r - 11 poisoned darts
Armour
 a - a +0 robe (worn)
 i - a +0 scale mail
 q - a +0 cloak (worn)
Jewellery
 g - a +6 ring of dexterity
Scrolls
 d - a scroll of brand weapon {unknown}
 e - 5 scrolls of identify {unknown}
 h - a scroll of immolation {unknown}
 j - a scroll of fear {unknown}
 k - 2 scrolls of poison {unknown}
 l - a scroll of blinking {unknown}
 m - a scroll of teleportation {unknown}
 o - a scroll of amnesia {unknown}
 p - a scroll of torment {unknown}
Potions
 b - a potion of lignification
 c - 3 potions of curing {unknown}
 f - a potion of mutation {unknown}
 n - a potion of might {unknown}


   Skills:
 - Level 2.0 Fighting
 + Level 3.2 Dodging
 - Level 6.0 Unarmed Combat
 - Level 2.6 Spellcasting
 - Level 2.4 Transmutations


You had 6 spell levels left.
You knew the following spells:

 Your Spells              Type           Power      Damage    Failure   Level
a - Beastly Appendage     Tmut           16%        N/A       9%          1
B - Wereblood             Tmut           8%         N/A       12%         2

Your spell library contained the following spells:

 Spells                   Type           Power      Damage    Failure   Level
 Spider Form              Tmut/Pois      5%         N/A       38%         3
 Ice Form                 Ice/Tmut       5%         N/A       80%         4
 Lightning Bolt           Conj/Air       0%         1d11      99%         5
 Chain Lightning          Conj/Air       0%         2d1       100%        9


Dungeon Overview and Level Annotations

Branches:
Dungeon (3/15) Zot: 596

Altars:

Annotations:
D:3 1 transporter, groxkiller's ghost, amateur GnAM


Innate Abilities, Weirdness & Mutations

You passively map a small area around you.
You are easily found by Zot.
You glow in the dark.
You regain HP and MP as you explore.


Message History

Groxkiller's ghost is moderately damaged.
Groxkiller's ghost hits you. Groxkiller's ghost burns you.
You punch groxkiller's ghost!
Groxkiller's ghost is heavily damaged.
Groxkiller's ghost hits you. Groxkiller's ghost burns you.
You closely miss groxkiller's ghost.
Groxkiller's ghost is heavily damaged.
Groxkiller's ghost closely misses you.
You hit groxkiller's ghost.
Groxkiller's ghost is heavily damaged.
Groxkiller's ghost screams, "I was like you once."
Groxkiller's ghost hits you. Groxkiller's ghost burns you.
You hit the dart slug but do no damage. You punch the dart slug.
The dart slug is severely wounded.
You howl as the wereblood boils in your veins!
Your horns disappear.
Your talons disappear.
The dart slug launches a dart at you. The slug dart hits you.
* * * LOW HITPOINT WARNING * * *
You hit the dart slug.
You feel a bit better.
You kill the dart slug!
Groxkiller's ghost hits you.
* * * LOW HITPOINT WARNING * * *
Groxkiller's ghost burns you.
* * * LOW HITPOINT WARNING * * *
You miss groxkiller's ghost.
Groxkiller's ghost is heavily damaged.
Groxkiller's ghost hits you.
* * * LOW HITPOINT WARNING * * *
Groxkiller's ghost burns you.
* * * LOW HITPOINT WARNING * * *
The frilled lizard completely misses you.
You barely miss groxkiller's ghost.
Groxkiller's ghost is heavily damaged.
Groxkiller's ghost barely misses you.
The frilled lizard bites you but does no damage.
You miss groxkiller's ghost.
Groxkiller's ghost is heavily damaged.
Groxkiller's ghost barely misses you. The frilled lizard bites you.
You die...

...#########....#.##..#...
..##©...†@)##...#.##..##.#
..#8.#..W#l8#...#.##......
..#...#†#...#...#.##...#.#
*
..#?....†...#...#.<.#..#.#
,
.©#?...©....#©..#####..†..
*
..#.........#...#####.....
,
..#..(#.#...#.............
*
*..#8.#...#.8#..#######....
*..##.......##.............
...#########...######.....
* *,*... ...........#
#...). #..,........|.##
#..)). ######### #....† , *
#..... , #.#### * , #.....


You could see groxkiller's ghost and a frilled lizard.

Vanquished Creatures
  An orc wizard (D:3)
  2 adders (D:2)
  A worm (D:3)
  3 dart slugs
  4 orcs (D:3)
  8 endoplasms
  2 giant cockroaches
  6 hobgoblins
  6 jackals
  4 kobolds
  3 quokkas
  5 ball pythons
  5 bats
  2 frilled lizards
  5 goblins
  4 rats
61 creatures vanquished.

Notes
Turn   | Place    | Note
-------+----------+-------------------------------------------
     0 | D:1      | Kruiper the Meteoran Transmuter began the quest for the
                  | Orb.
     0 | D:1      | Reached XP level 1. HP: 16/16 MP: 5/5
    48 | D:1      | Reached XP level 2. HP: 19/23 MP: 4/6
   130 | D:1      | Reached skill level 4 in Unarmed Combat
   222 | D:1      | Reached XP level 3. HP: 26/29 MP: 8/8
   303 | D:1      | Learned a level 2 spell: Wereblood
   354 | D:1      | Found a faded altar of an unknown god.
   467 | D:2      | Reached skill level 5 in Unarmed Combat
   467 | D:2      | Reached XP level 4. HP: 27/36 MP: 7/9
   649 | D:2      | Got the Almanac of Clouds
  1009 | D:3      | Reached skill level 6 in Unarmed Combat
  1009 | D:3      | Reached XP level 5. HP: 32/41 MP: 7/10
  1183 | D:3      | Noticed groxkiller's ghost (amateur GnAM)
  1184 | D:3      | Found a transporter.
  1197 | D:3      | Found a transporter.
  1215 | D:3      | HP: 2/41 [groxkiller's ghost (1)]
  1217 | D:3      | Slain by a frilled lizard

Illustrated notes

Levels and vault maps discovered:
D:1:      heliophobic_arrival_glass_houses, layout_rooms, basic_ecumenical_altar
D:2:      layout_rooms, chequers_serial_rivers_micro_c, nrook_uturn
D:3:      layout_basic, gammafunk_ghost_arena

Skill      XL: |  1  2  3  4  5 |
---------------+----------------+-----
Unarmed Combat | 4 5 6 |  6.0
Fighting       | 2 |  2.0
Dodging        | 3 |  3.2
Spellcasting   | |  2.6
Transmutations | |  2.4

Action                   |  1- 3 |  4- 6 || total
-------------------------+-------+-------++-------
Melee: Unarmed           |    65 |    76 ||   141
       Kick              |    17 |    13 ||    30
       Headbutt          |    10 |     6 ||    16
       Punch             |     2 |     2 ||     4
 Cast: Beastly Appendage |    13 |    10 ||    23
       Wereblood         |       |     2 ||     2
Armor: Robe              |    11 |     6 ||    17
       Scale mail        |       |    20 ||    20
Dodge: Dodged            |    36 |    34 ||    70
